 Dungeon Crawl Stone Soup version 0.21-a0-265-gb353147 (webtiles) character file.

67 Jail the Skirmisher (level 4, -2/45 HPs)
             Began as an Ogre Gladiator on Sept 10, 2017.
             Killed by nerve-wracking pain
             ... invoked by Grinder
              (10 damage)
             ... on level 2 of the Dungeon.
             The game lasted 00:06:43 (1913 turns).

Jail the Skirmisher (Ogre Gladiator)                Turns: 1913, Time: 00:06:43

Health: -2/45      AC:  3    Str: 18    XL:     4   Next: 16%
Magic:  4/4        EV: 10    Int:  9    God:
Gold:   41         SH:  0    Dex: 11    Spells: 3/3 levels left

rFire    + . .     SeeInvis .   a - +0 flail
rCold    + . .     Gourm    .   (no shield)
rNeg     . . .     Faith    .   b - +0 robe
rPois    .         Spirit   .   c - +0 hat
rElec    .         Reflect  .   l - scarf {rC+ rF+}
rCorr    .         Harm     .   (gloves unavailable)
MR       .....                  (boots unavailable)
Stlth    +.........             (no amulet)
HPRegen  0.15/turn              (no ring)
MPRegen  0.09/turn              (no ring)

@: no status effects
A: unfitting armour, tough skin 1
a: no special abilities


You were on level 2 of the Dungeon.
You were not hungry.

You visited 1 branch of the dungeon, and saw 3 of its levels.

You collected 41 gold pieces.

Inventory:

Hand Weapons
 a - a +0 flail (weapon)
Missiles
 d - a throwing net (quivered)
Armour
 b - a +0 robe (worn)
 c - a +0 hat (worn)
 l - a scarf of resistance (worn)
Scrolls
 e - 3 scrolls of magic mapping {unknown}
 i - a scroll of remove curse {unknown}
 k - 3 scrolls of teleportation {unknown}
 m - 2 scrolls of identify {unknown}
 n - a scroll of noise {unknown}
Potions
 h - a potion of heal wounds {unknown}
Comestibles
 f - a bread ration
 g - 6 fruits
 j - a meat ration
 p - a royal jelly


   Skills:
 + Level 3.5 Fighting
 + Level 3.3 Maces & Flails
 + Level 2.7 Throwing
 + Level 3.1 Dodging


You had 3 spell levels left.
You didn't know any spells.

Dungeon Overview and Level Annotations

Branches:
Dungeon (3/15)

Altars:
Cheibriados

Annotations:
D:2 2 transporters plus treasure, Grinder


Innate Abilities, Weirdness & Mutations

You are too large for most types of armour.
You have tough skin. (AC +1)


Message History

Aim: Grinder (severely wounded)
You throw a throwing net. The throwing net hits Grinder.
Grinder is caught in the net!
Grinder is severely wounded.
Grinder blinks!
You see here a throwing net.
d - a throwing net Grinder blinks!
There is a stone staircase leading down here.
Throwing (i - inventory):
d - a throwing net (quivered)
Press: ? - help, Shift-Dir - straight line, f/p - Grinder
Aim: Grinder (severely wounded)
You throw a throwing net. The throwing net barely misses Grinder.
Grinder closely misses you.
Grinder blinks!
You see here a throwing net.
d - a throwing net Grinder gestures at you.
Pain shoots through your body!
You die...

###############
#.............#
#.###########.#
#.#.....#####.####
#.#.##>#.........#
##########.#.#........(##.#
.....##..........#####(##.#
..............5.@# #.##.#
####.##.##.#####.# #(##.#
##.##(##.#####.#####.##.#
###.#.#.##.............##.##
...###...........#####.#...###
###.#......####..............#
##.##.#..# #..#####.#...#.#
#.##.#..####..# #.##.##.#
#........)....# #.##.##.#


You could see Grinder.

Vanquished Creatures
  2 adders (D:2)
  2 worms (D:2)
  2 dart slugs (D:1)
  3 giant cockroaches
  4 goblins
  6 hobgoblins
  7 kobolds
  5 bats
  5 frilled lizards
  3 rats (D:2)
39 creatures vanquished.

Notes
Turn   | Place    | Note
-------+----------+-------------------------------------------
     0 | D:1      | Jail the Ogre Gladiator began the quest for the Orb.
     0 | D:1      | Reached XP level 1. HP: 22/22 MP: 1/1
   137 | D:1      | Reached XP level 2. HP: 29/31 MP: 2/2
   669 | D:2      | Reached XP level 3. HP: 28/37 MP: 3/3
   789 | D:2      | Found a snail-covered altar of Cheibriados.
   793 | D:2      | Found a transporter.
   834 | D:2      | Noticed a centaur
   837 | D:2      | Found a transporter.
   838 | D:2      | Noticed a centaur
  1564 | D:2      | Reached XP level 4. HP: 41/45 MP: 4/4
  1839 | D:3      | Noticed Grinder
  1913 | D:2      | Killed from afar by Grinder

Vault maps used:
D:1:      minmay_arrival_four_houses, hangedman_glass_teeth
D:2:      gammafunk_temple_overflow_arena, corexii_leaking_fountain
D:3:      minmay_surrounded, uniq_grinder

Skill      XL: |  1  2  3 |
---------------+----------+-----
Fighting       | 3 |  3.5
Maces & Flails | 3 |  3.3
Dodging        | 3 |  3.1
Throwing       | |  2.7

Action                   |  1- 3 |  4- 6 || total
-------------------------+-------+-------++-------
Melee: Flail             |   103 |    34 ||   137
Throw: Throwing net      |     1 |     6 ||     7
 Stab: Held in net/web   |     2 |     2 ||     4
       Sleeping          |     1 |       ||     1
  Eat: Chunk             |     2 |     1 ||     3
Armor: Robe              |    46 |     8 ||    54
Dodge: Dodged            |    68 |    16 ||    84

Table legend:
 A = Spawn XP
 B = Non-spawn XP
 C = Spawn XP percentage of total XP
 D = Spawn monster count
 E = Non-spawn monster count
 F = Spawn count percentage of total count
 G = Total turns spent on level
                    A         B        C        D         E        F      G
               +---------+---------+-------+---------+---------+-------+---------
         Total |       0 |      96 |   0.0 |       0 |      39 |   0.0 |  1913
               +---------+---------+-------+---------+---------+-------+---------
           D:1 |       0 |      33 |   0.0 |       0 |      17 |   0.0 |   664
           D:2 |       0 |      63 |   0.0 |       0 |      22 |   0.0 |  1240
               +---------+---------+-------+---------+---------+-------+---------
